 Dungeon Crawl Stone Soup version 0.29-a0-90-gc37658a0fe (webtiles) character file.

Game seed: 13140610861280767279

18 lordive the Grasshopper (level 2, -1/43 HPs)
             Began as an Ogre Warper on Feb 7, 2022.
             Slain by a hobgoblin (2 damage)
             ... on level 2 of the Dungeon.
             The game lasted 00:00:57 (882 turns).

lordive the Grasshopper (Ogre Warper)                Turns: 882, Time: 00:00:58

Health: -1/43      AC: 21    Str: 14    XL:     2   Next: 70%
Magic:  5/5        EV:  1    Int: 14    God:
Gold:   23         SH:  0    Dex:  8    Spells: 5/5 levels left

rFire   + . .      SeeInvis .   a - +0 mace
rCold   + . .      Faith    .   (no shield)
rNeg    . . .      Spirit   .   (armour currently unavailable)
rPois   +          Reflect  .   (helmet currently unavailable)
rElec   +          Harm     .   (cloak currently unavailable)
rCorr   +          Rampage  .   (gloves unavailable)
Will    .....      NoTele   +   (boots unavailable)
Stlth   +.........              (no amulet)
HPRegen 0.14/turn               (no ring)
MPRegen 0.09/turn               (no ring)

@: tree-form, resistant
A: stationary, stasis, torment immunity, boosted hp, large, unfitting armour,
(tough skin 1)
a: no special abilities


You were on level 2 of the Dungeon.
You were a tree.
You visited 1 branch of the dungeon, and saw 2 of its levels.

You collected 23 gold pieces.

Inventory:

Hand Weapons
 a - a +0 mace (weapon)
Missiles
 d - 5 boomerangs of dispersal (quivered)
Armour
 b - a +0 robe (melded)
Jewellery
 j - a +6 ring of intelligence
Scrolls
 c - a scroll of blinking
 e - a scroll of acquirement {unknown}
 f - a scroll of identify {unknown}
 h - a scroll of noise {unknown}
 i - a scroll of enchant armour {unknown}
 l - a scroll of immolation {unknown}


   Skills:
 + Level 2.9 Fighting
 + Level 1.8 Maces & Flails
 + Level 1.1 Throwing
 + Level 2.2 Dodging
 + Level 2.4 Spellcasting
 * Level 3.2 Translocations


You had 5 spell levels left.
You didn't know any spells.
Your spell library contained the following spells:

 Spells                   Type           Power      Damage    Failure   Level
 Blink                    Tloc           20%        N/A       9%          2
 Gell's Gravitas          Tloc           10%        N/A       19%         3
 Lesser Beckoning         Tloc           10%        N/A       19%         3
 Teleport Other           Tloc           10%        N/A       19%         3
 Manifold Assault         Tloc           10%        N/A       86%         5


Dungeon Overview and Level Annotations

Branches:
Dungeon (2/15)

Altars:


Innate Abilities, Weirdness & Mutations

You are a tree.
Your roots penetrate the ground, keeping you stationary.
You cannot be teleported.
You are immune to unholy pain and torment.
Your maximum health is greatly increased.
Your equipment is partially melded.
You are too large for most types of armour.
((You have tough skin. (AC +1)))


Message History

The bat hits you but does no damage. The adder closely misses you.
The adder bites you but does no damage.
You closely miss the adder.
The adder is severely wounded.
The bat hits you but does no damage. The adder bites you but does no damage.
The adder bites you.
* * * LOW HITPOINT WARNING * * *
You are lethally poisoned!
The adder poisons you!
It was a potion of lignification.
You turn into a tree.
Your +0 robe melds into your body.
Your roots penetrate the ground.
* * * LOW HITPOINT WARNING * * *
You feel sick. The adder bites you but does no damage.
It was a potion of resistance.
You feel protected.
* * * LOW HITPOINT WARNING * * *
You feel sick. The bat hits you but does no damage.
The adder bites you but does no damage.
Unknown command.
You miss the adder.
The adder is severely wounded.
* * * LOW HITPOINT WARNING * * *
You feel sick.
You are no longer poisoned.
The bat completely misses you.
The adder bites you but does no damage. x2
You miss the adder.
The adder is severely wounded.
The bat hits you but does no damage.
The adder bites you but does no damage. x2
You barely miss the adder.
The adder is severely wounded.
The bat hits you but does no damage. The adder bites you but does no damage.
You hit the adder.
The adder is almost dead.
The bat completely misses you. The adder bites you.
* * * LOW HITPOINT WARNING * * *
The adder bites you but does no damage.
You hit the adder.
You kill the adder!
The bat hits you but does no damage. The hobgoblin hits you.
You die...

.....# .#
###....##.###
#..?......... #.
###.....$....# #.
#............##
#.###.###g.........
#......##.........#
#......##.......$..
#....b.♣g.#####.###
##.....#### #
#.....# ###.### #.#
#.## #..##
########...####
......†.......+


You could see a hobgoblin and a bat.

Vanquished Creatures
  An adder (D:2)
  A dart slug (D:1)
  A ball python (D:2)
  An endoplasm (D:1)
  3 hobgoblins (D:1)
  3 jackals (D:1)
  2 goblins (D:1)
  2 kobolds (D:1)
  2 rats
16 creatures vanquished.

Notes
Turn   | Place    | Note
-------+----------+-------------------------------------------
     0 | D:1      | lordive the Ogre Warper began the quest for the Orb.
     0 | D:1      | Reached XP level 1. HP: 22/22 MP: 3/3
   177 | D:1      | Reached skill level 3 in Translocations
   233 | D:1      | Reached XP level 2. HP: 24/29 MP: 5/5
   628 | D:1      | Found a faded altar of an unknown god.
   878 | D:2      | HP: 1/43 [poisoned by an adder]
   882 | D:2      | Slain by a hobgoblin

Illustrated notes

Levels and vault maps discovered:
D:1:      shiori_arrival_oz, layout_basic, shapermc_ecumenical_altar_flowoftime,
          minmay_pentomino_q4
D:2:      layout_loops_corners

Skill      XL: |  1 |
---------------+----+-----
Translocations | 3 |  3.2
Fighting       | |  2.9
Maces & Flails | |  1.8
Throwing       | |  1.1
Dodging        | |  2.2
Spellcasting   | |  2.4

Action                   || total
-------------------------++-------
Melee: Mace              ||    59
       Punch             ||     1
  Use: Potion            ||     2
Armor: Robe              ||    25
       Skin              ||    12
Dodge: Dodged            ||    34

Table legend: (Time is in decaauts)
 A = Elapsed time spent in this place.
 B = Non-inter-level travel time spent in this place.
 C = Inter-level travel time spent in this place.
 D = Time resting spent in this place.
 E = Time spent auto-exploring this place.
 F = Levels seen in this place.
 G = Mean time per level.
                   A        B        C        D        E       F      G
               +--------+--------+--------+--------+--------+-----+--------+
         Total |    899 |    860 |     39 |      0 |    716 |   2 |  449.5 |
       Dungeon |    899 |    860 |     39 |      0 |    716 |   2 |  449.5 |
               +--------+--------+--------+--------+--------+-----+--------+

Top non-repeatable levels by time:
     D:1: 814 daAuts
     D:2: 85 daAuts
